 Dungeon Crawl Stone Soup version 0.27.1 (webtiles) character file.

Game seed: 9212312376825913748

15292 funkygono the Destroyer (level 12, -1/66 HPs)
             Began as a Gargoyle Fire Elementalist on Aug 22, 2021.
             Was a Priest of Vehumet.
             Killed from afar by a gargoyle (2 damage)
             ... with a stone arrow
             ... on level 12 of the Dungeon.
             The game lasted 00:47:30 (16575 turns).

funkygono the Destroyer (GrFE)                     Turns: 16575, Time: 00:47:31

Health: -1/66      AC: 20    Str: 11    XL:     12   Next: 25%
Magic:  21/26      EV:  9    Int: 22    God:    Vehumet [***...]
Gold:   727        SH:  0    Dex: 10    Spells: 17/31 levels left

rFire    . . .     SeeInvis .   d - +4 mace
rCold    + . .     Faith    .   (no shield)
rNeg     + + .     Spirit   .   N - +0 ice dragon scales
rPois    ∞         Reflect  .   u - +0 helmet
rElec    +         Harm     .   c - +0 cloak
rCorr    .         Rampage  .   l - +0 pair of gloves
Will     .....                  (no boots)
Stlth    ..........             y - amulet of magic regeneration
HPRegen  0.21/turn              e - ring of fire
MPRegen  0.45/turn              A - ring of positive energy

@: very slightly contaminated
A: sickness immunity, AC +8, negative energy resistance 1, electricity
resistance, torment resistance 1, petrification resistance
a: Renounce Religion


You were on level 12 of the Dungeon.
You worshipped Vehumet.
Vehumet was most pleased with you.
You visited 2 branches of the dungeon, and saw 13 of its levels.

You collected 727 gold pieces.

Inventory:

Hand Weapons
 d - a +4 mace (weapon)
Missiles
 f - 229 stones
Armour
 c - a +0 cloak (worn)
 l - a +0 pair of gloves (worn)
 s - a +0 buckler
 t - a +2 robe of cold resistance
 u - a +0 helmet (worn)
 L - a +2 robe of fire resistance
 N - +0 ice dragon scales (worn)
Magical Staves
 a - a staff of poison
Jewellery
 e - a ring of fire (left hand)
 o - a ring of resist corrosion
 y - an amulet of magic regeneration (around neck)
 A - a ring of positive energy (right hand)
 D - a ring of flight
 F - a ring of protection from cold
Wands
 E - a wand of digging (7)
Scrolls
 b - 3 scrolls of teleportation
 g - 6 scrolls of blinking
 r - 2 scrolls of amnesia
 w - a scroll of fog
Potions
 h - 2 potions of flight
 i - 2 potions of ambrosia
 j - a potion of lignification
 k - 4 potions of brilliance
 m - 2 potions of invisibility {unknown}
 q - 2 potions of curing
 H - a potion of cancellation
 I - a potion of heal wounds
 O - 3 potions of resistance
 P - a potion of haste
Miscellaneous
 n - a phantom mirror


   Skills:
 + Level 4.1 Fighting
 + Level 5.3 Maces & Flails
 * Level 0.2 Armour
 + Level 4.7 Dodging
 - Level 2.1 Stealth
 + Level 10.2 Spellcasting
 + Level 10.2 Conjurations
 + Level 9.6 Fire Magic
 * Level 5.9 Earth Magic


You had 17 spell levels left.
You knew the following spells:

 Your Spells              Type           Power      Damage    Failure   Level
a - Foxfire               Conj/Fire      100%       2x1d9     1%          1
b - Conjure Flame         Conj/Fire      70%        6-21      1%          3
c - Sticky Flame          Conj/Fire      70%        2d8       2%          4
d - Fireball              Conj/Fire      35%        3d15      7%          5
e - Sandblast             Erth           74%        2d16      1%          1

Your spell library contained the following spells:

 Spells                   Type           Power      Damage    Failure   Level
 Fulminant Prism          Conj/Hex       16%        3d11      17%         4
 Static Discharge         Conj/Air       33%        N/A       2%          2
 Inner Flame              Hex/Fire       48%        N/A       6%          3
 Ignite Poison            Fire/Tmut/Pois 38%        N/A       12%         3
 Passwall                 Tmut/Erth      20%        N/A       24%         2
 Lee's Rapid Deconstruct  Erth           18%        3d12*     32%         5
 Lightning Bolt           Conj/Air       16%        1d30      41%         5
 Animate Skeleton         Necr           22%        N/A       50%         1
 Apportation              Tloc           22%        N/A       50%         1
 Beastly Appendage        Tmut           22%        N/A       50%         1
 Corona                   Hex            12%        N/A       50%         1
 Pain                     Necr           44%        1d6       50%         1
 Summon Small Mammal      Summ           44%        N/A       50%         1
 Wereblood                Tmut           11%        N/A       63%         2
 Spider Form              Tmut/Pois      5%         N/A       86%         3
 Vampiric Draining        Necr           5%         2d6       86%         3
 Passage of Golubria      Tloc           N/A        N/A       99%         4
 Silence                  Hex/Air        5%         N/A       100%        5
 Lehudib's Crystal Spear  Conj/Erth      23%        10d6      100%        8
 Maxwell's Capacitive Co  Air            5%         ∞         100%        8


Dungeon Overview and Level Annotations

Branches:
Dungeon (12/15)            Temple (1/1) D:5            Lair (0/6) D:10
    Orc (0/2) D:11

Altars:
Ashenzari
Cheibriados
Dithmenos
Elyvilon
Fedhas
Gozag
Hepliaklqana
Kikubaaqudgha
Makhleb
Nemelex Xobeh
Okawaru
Qazlal
Ru
Sif Muna
Trog
Uskayaw
Vehumet
Wu Jian
Xom
Yredelemnul
Zin
The Shining One

Shops:
D:3 (   D:7 *   D:10 =

Portals:
Ice
Cave: D:12

Annotations:
D:12 exclusion: orange crystal statue


Innate Abilities, Weirdness & Mutations

You are immune to sickness and miasma.
Your stone body is resilient. (AC +8)
You are immune to poison.
You resist negative energy. (rN+)
You are resistant to electric shocks. (rElec)
You are resistant to unholy torment.
You are immune to petrification.


Message History

Casting: Sandblast (safe; 1% risk of failure)
Confirm with . or Enter, or press ? or * to list all spells.
Aiming: Sandblast (safe; 1% risk of failure)
Press: ? - help, Shift-Dir - straight line, f/p - gargoyle
Aim: a gargoyle, wielding a +0 flail (heavily damaged, 91% to hit)
The blast of sand hits the gargoyle but does no damage.
The gargoyle is heavily damaged.
f - 232 stones The gargoyle hits you with a +0 flail!
* * * LOW HITPOINT WARNING * * *
Casting: Sandblast (safe; 1% risk of failure)
Confirm with . or Enter, or press ? or * to list all spells.
Aiming: Sandblast (safe; 1% risk of failure)
Press: ? - help, Shift-Dir - straight line, f/p - gargoyle
Aim: a gargoyle, wielding a +0 flail (heavily damaged, 91% to hit)
The blast of sand hits the gargoyle but does no damage.
The gargoyle is heavily damaged.
f - 231 stones The gargoyle barely misses you.
Casting: Sandblast (safe; 1% risk of failure)
Confirm with . or Enter, or press ? or * to list all spells.
Aiming: Sandblast (safe; 1% risk of failure)
Press: ? - help, Shift-Dir - straight line, f/p - gargoyle
Aim: a gargoyle, wielding a +0 flail (heavily damaged, 91% to hit)
The blast of sand hits the gargoyle but does no damage.
The gargoyle is heavily damaged.
f - 230 stones The gargoyle hits you with a +0 flail!
* * * LOW HITPOINT WARNING * * *
Casting: Sandblast (safe; 1% risk of failure)
Confirm with . or Enter, or press ? or * to list all spells.
Aiming: Sandblast (safe; 1% risk of failure)
Press: ? - help, Shift-Dir - straight line, f/p - gargoyle
Aim: a gargoyle, wielding a +0 flail (heavily damaged, 91% to hit)
The blast of sand hits the gargoyle but does no damage.
The gargoyle is heavily damaged.
f - 229 stones The gargoyle hurls a stone arrow at you.
The stone arrow hits you.
You die...

####..#
..#..# #.#..#
#.#..#
####....#
#.......#
#.......#
###..∩.9..#
#...?...@..#
>..##.......#
## ##......#
........#
##########


You could see a gargoyle.

Vanquished Creatures
  4 two-headed ogres
  Nergalle (D:10)
  A deep elf pyromancer (D:11)
  An oklob plant (D:9)
  A manticore (D:7)
  A cyclops (D:11)
  2 kobold demonologists (D:10)
  2 unseen horrors (D:11)
  A troll (D:11)
  2 hornets (D:9)
  Sigmund (D:3)
  13 yaks
  A wraith (D:11)
  A wyvern (D:9)
  A steam dragon (D:8)
  8 vampire mosquitoes (D:11)
  Menkaure (D:4)
  4 water moccasins
  A sky beast (D:7)
  3 black bears
  2 hornet zombies
  5 orc warriors
  A necrophage (D:6)
  3 ogres
  5 centaurs
  A phantom (D:4)
  6 bullfrogs
  5 wyvern zombies
  2 kobold brigands
  8 scorpions
  3 water moccasin skeletons
  A water moccasin zombie (D:6)
  An oklob sapling (D:9)
  5 killer bees (D:9)
  2 electric eels (D:11)
  2 howler monkeys
  A crimson imp (D:8)
  A bullfrog zombie (D:6)
  2 centaur zombies
  3 hounds
  3 bullfrog skeletons
  A jelly (D:5)
  4 orc priests
  Crazy Yiuf (D:6)
  2 iguanas (D:5)
  11 orc wizards
  2 killer bee zombies
  A hound zombie (D:5)
  A hound skeleton (D:4)
  2 howler monkey zombies
  3 gnolls (D:3)
  11 adders
  3 shadow imps
  12 white imps (D:12)
  2 ufetubi
  An adder skeleton (D:4)
  4 worms
  A dart slug (D:2)
  45 orcs
  10 endoplasms
  5 giant cockroaches
  7 goblins
  8 hobgoblins
  3 jackals (D:3)
  5 quokkas
  14 ball pythons
  3 bats (D:1)
  5 frilled lizards
  A giant cockroach zombie (D:1)
  19 kobolds
  A quokka zombie (D:1)
  9 rats
  A bush (D:9)
  A fire vortex (D:11)
311 creatures vanquished.

Vanquished Creatures (collateral kills)
  12 foxfires
12 creatures vanquished.

Vanquished Creatures (others)
  A butterfly (D:7)
  1108 foxfires
  51 fungi
  78 plants
1238 creatures vanquished.

Grand Total: 1561 creatures vanquished

Notes
Turn   | Place    | Note
-------+----------+-------------------------------------------
     0 | D:1      | funkygono the Gargoyle Fire Elementalist began the quest
                  | for the Orb.
     0 | D:1      | Reached XP level 1. HP: 10/10 MP: 3/3
   298 | D:1      | Reached XP level 2. HP: 14/15 MP: 0/5
   402 | D:1      | Found a faded altar of an unknown god.
  1193 | D:1      | Reached XP level 3. HP: 19/19 MP: 4/6
  1197 | D:1      | Learned a level 3 spell: Conjure Flame
  2226 | D:2      | Reached XP level 4. HP: 20/24 MP: 3/7
  2884 | D:2      | Learned a level 4 spell: Sticky Flame
  2983 | D:3      | Found Nugrat's Antique Weapon Shop.
  3203 | D:3      | Found a hide-covered altar of Uskayaw.
  3221 | D:3      | Noticed Sigmund
  3334 | D:2      | Reached XP level 5. HP: 13/28 MP: 7/9
  3897 | D:3      | Killed Sigmund
  3898 | D:3      | Reached skill level 1 in Maces & Flails
  3898 | D:3      | Reached XP level 6. HP: 33/33 MP: 2/11
  4298 | D:3      | Reached skill level 1 in Fighting
  4444 | D:4      | Reached skill level 5 in Fire Magic
  4444 | D:4      | Reached XP level 7. HP: 22/38 MP: 8/12
  4642 | D:4      | Learned a level 5 spell: Fireball
  5269 | D:4      | Reached skill level 5 in Conjurations
  5590 | D:4      | Noticed Menkaure
  5602 | D:4      | Reached XP level 8. HP: 34/43 MP: 9/14
  5604 | D:4      | Killed Menkaure
  6677 | D:5      | Entered Level 5 of the Dungeon
  6887 | D:5      | Reached skill level 5 in Spellcasting
  7239 | D:5      | Found a staircase to the Ecumenical Temple.
  7255 | Temple   | Entered the Ecumenical Temple
  8074 | D:6      | Reached XP level 9. HP: 48/48 MP: 13/17
  8365 | D:6      | Found a runed translucent door.
  8366 | D:6      | Noticed Crazy Yiuf
  8374 | D:6      | Killed Crazy Yiuf
  8941 | D:7      | Found a sacrificial altar of Ru.
  9127 | D:7      | Noticed a manticore
  9138 | D:7      | Killed a manticore
  9508 | D:7      | Found a white marble altar of Elyvilon.
  9589 | D:7      | Found Jeshraezess's General Store.
  9983 | D:8      | Found a basalt altar of Yredelemnul.
  9991 | D:8      | Reached XP level 10. HP: 46/54 MP: 18/21
 10017 | D:8      | Noticed a two-headed ogre
 10034 | D:8      | Killed a two-headed ogre
 10347 | D:8      | Learned a level 1 spell: Sandblast
 10480 | D:8      | Reached skill level 1 in Earth Magic
 10558 | D:8      | Found a snail-covered altar of Cheibriados.
 10634 | D:8      | Found a burning altar of Makhleb.
 10635 | D:8      | Found a radiant altar of Vehumet.
 10643 | D:8      | Became a worshipper of Vehumet
 11228 | D:9      | Found a hazy altar of Hepliaklqana.
 11292 | D:9      | Found a shimmering altar of Xom.
 11434 | D:9      | Reached * piety under Vehumet
 11434 | D:9      | Offered knowledge of Shock by Vehumet.
 11900 | D:9      | Noticed a two-headed ogre
 11911 | D:9      | Killed a two-headed ogre
 11912 | D:9      | Reached XP level 11. HP: 60/60 MP: 16/23
 12038 | D:9      | Found a broken altar of Ashenzari.
 12038 | D:9      | Found a shadowy altar of Dithmenos.
 12199 | D:9      | Noticed an oklob plant
 12218 | D:9      | Killed an oklob plant
 12777 | D:10     | Entered Level 10 of the Dungeon
 12777 | D:10     | Noticed a two-headed ogre
 12796 | D:10     | Found Zagyggal's Jewellery Shop.
 13080 | D:10     | Offered knowledge of Freeze by Vehumet.
 13083 | D:10     | Reached ** piety under Vehumet
 13095 | D:10     | Killed a two-headed ogre
 13241 | D:10     | Reached skill level 5 in Earth Magic
 13309 | D:10     | Found a staircase to the Lair.
 13643 | D:10     | Noticed Nergalle
 13995 | D:10     | Found a blossoming altar of Fedhas.
 14405 | D:10     | Killed Nergalle
 14614 | D:11     | Noticed a deep elf pyromancer
 14618 | D:11     | Killed a deep elf pyromancer
 14619 | D:11     | Reached skill level 5 in Maces & Flails
 14704 | D:11     | Noticed a two-headed ogre
 14715 | D:11     | Killed a two-headed ogre
 14782 | D:11     | Reached XP level 12. HP: 15/66 MP: 20/25
 14787 | D:11     | Reached skill level 10 in Spellcasting
 14802 | D:11     | Reached skill level 10 in Conjurations
 14953 | D:11     | Offered knowledge of Searing Ray by Vehumet.
 14964 | D:11     | Found a gate leading to a gauntlet.
 15392 | D:11     | Identified the +10 war axe "Sebedoo" {vorpal, Dex+2}
 15975 | D:11     | Reached *** piety under Vehumet
 16026 | D:11     | Found a staircase to the Orcish Mines.
 16443 | D:12     | Found a frozen archway.
 16455 | D:12     | Offered knowledge of Fulminant Prism by Vehumet.
 16574 | D:12     | HP: 1/66 [gargoyle (11)]
 16575 | D:12     | Killed from afar by a gargoyle

Illustrated notes

Levels and vault maps discovered:
D:1:      saegor_arrival_fortress, layout_basic,
          hellmonk_ecumenical_altar_prayer_group, serial_rivers,
          chequers_serial_rivers_micro_b, chequers_serial_rivers_micro_d,
          chequers_serial_rivers_micro_d, chequers_serial_rivers_micro_d
D:2:      layout_basic, hangedman_abyss_or_decor_stabs, st_stairs_11,
          grunt_ministairs_8, kennysheep_generic_room_3
D:3:      layout_basic, nicolae_uskayaw_suspiria, serial_shops, shop_fountains,
          minmay_misc_feat_encased, uniq_sigmund
D:4:      minmay_evil_eye, layout_basic, uniq_menkaure
D:5:      layout_loops_ring, minmay_temple_entry_drinking_statues
D:6:      layout_basic, uniq_crazy_yiuf_cottage
D:7:      layout_basic, nicolae_elyvilon_peaceful_grove, lemuel_crystal_altar,
          serial_shops, shop
D:8:      layout_rooms, grunt_temple_overflow_lords_of_destruction,
          nicolae_yredelemnul_corpse_copse, slow_altar_1
D:9:      layout_cave_pools, mainiacjoe_overflow_catwalk, pf_just_have_faith,
          jmf_multi_god_temple, serial_column_ruins, column_ruins_square_medium,
          column_ruins_columns_corner, column_ruins_corridor_straight,
          column_ruins_grid_4, column_ruins_columns_corner,
          column_ruins_columns_straight, introduction_to_nature_2
D:10:     layout_loops_ring, mainiacjoe_overflow_alcove_1,
          due_lair_maze_entry_diamond, serial_shops, nicolae_shop_trees,
          uniq_nergalle
D:11:     layout_basic, hiddenorc1_lemuel, serial_glass, glass_columns_b,
          glass_columns_b, gauntlet_entry_generic, kennysheep_donut,
          serial_bayou_pond_e, fungi_pond_lemuel
D:12:     layout_loops_ring, portal_ice_cave_entry_imps, minivault_16,
          serial_park_tiny_pond, minmay_misc_feat_ornament
Temple:   jpeg_temple_alley_garden

Skill      XL: |  1  2  3  4  5  6  7  8  9 10 11 12 |
---------------+-------------------------------------+-----
Conjurations   | 2 3 4 5 6 7 8 9 10 | 10.2
Fire Magic     | 4 5 6 7 8 9 |  9.6
Spellcasting   | 3 4 5 7 8 9 10 | 10.2
Maces & Flails | 1 2 3 4 5 |  5.3
Fighting       | 1 2 3 4 |  4.1
Dodging        | 2 3 4 |  4.7
Earth Magic    | 4 5 |  5.9
Armour         | |  0.2
Stealth        | |  2.1

Action                   |  1- 3 |  4- 6 |  7- 9 | 10-12 || total
-------------------------+-------+-------+-------+-------++-------
Melee: Unarmed           |     2 |       |       |       ||     2
       Mace              |    17 |    20 |    94 |   208 ||   339
 Cast: Foxfire           |    64 |    72 |   200 |   321 ||   657
       Conjure Flame     |       |       |     5 |     5 ||    10
       Sticky Flame      |       |       |    13 |    50 ||    63
       Sandblast         |       |       |       |    41 ||    41
       Fireball          |       |       |       |    23 ||    23
  Use: Scroll            |     1 |     5 |    10 |     8 ||    24
       Potion            |       |       |       |     3 ||     3
Armor: Robe              |    13 |    22 |    85 |   178 ||   298
       Ice dragon scales |       |       |       |    53 ||    53
Dodge: Dodged            |    24 |    34 |   110 |   292 ||   460
